AoeStats
← varunalur2879

Lombardia

508112484Analyzed
3v3 RM · 12d ago on Sep 20, 2026· 66m 8s· 6 players
Game mode
Random Map
Map size
Normal (6 player)
Population
200
Speed
Normal
Resources
Standard
Victory
Conquest
Starting age
Dark Age
Ending age
Imperial Age
RankedLock teamsTeams togetherTeam positionsShared explorationLock speedFull tech treeHidden civsTurbo modeCheats
Victory
Defeat
🇺🇸 Burgundians · United States
1336
+17
🇮🇳 Britons · India
1324
+18
🇲🇽 Franks · Mexico
1285
+20
🇨🇴 Magyars · Colombia
1372
-19
🇨🇴 Tatars · Colombia
1364
-18
🇨🇴 Mapuche · Colombia
1358
-18
varunalur2879
7:42 Loom
9:51 Feudal Age
11:10 Double-Bit Axe
11:17 Gold Mining
12:20 Horse Collar
19:02 Wheelbarrow
20:40 Castle Age
18:57 Fletching
20:25 Wheelbarrow
20:44 Padded Archer Armor
21:18 Bodkin Arrow
20:56 Crossbowman
23:38 Ballistics
26:16 Leather Archer Armor
26:46 Hand Cart
26:17 Town Watch
32:58 Heavy Plow
33:12 Bow Saw
37:46 Imperial Age
37:48 Stone Mining
38:36 Gold Shaft Mining
38:41 Bracer
38:04 Arbalester
41:32 Caravan
42:01 Conscription
42:29 Ring Archer Armor
42:20 Town Patrol
44:14 Coinage
44:35 Yeomen
45:32 Chemistry
47:15 Banking
47:32 Warwolf
51:12 Murder Holes
51:28 Masonry
52:42 Hoardings
58:23 Elite Longbowman
Reymon
6:20 Loom
9:10 Feudal Age
20:50 Castle Age
19:42 Double-Bit Axe
29:28 Bow Saw
30:45 Wheelbarrow
31:05 Gold Mining
36:46 Imperial Age
34:53 Scale Barding Armor
36:05 Chain Barding Armor
37:14 Forging
37:02 Cavalier
38:22 Plate Barding Armor
39:45 Iron Casting
39:34 Husbandry
39:06 Paladin
40:42 Hand Cart
41:28 Blast Furnace
42:50 Scale Mail Armor
44:32 Light Cavalry
49:08 Fletching
49:59 Fortified Wall
50:43 Bodkin Arrow
55:41 Caravan
58:05 Chain Mail Armor
LYR92426
9:41 Feudal Age
8:28 Double-Bit Axe
8:42 Loom
9:37 Wheelbarrow
8:48 Loom
11:39 Bow Saw
12:06 Horse Collar
13:40 Scale Barding Armor
18:39 Hand Cart
23:12 Castle Age
21:30 Forging
21:49 Gold Mining
23:40 Gold Shaft Mining
25:00 Two-Man Saw
24:55 Chain Barding Armor
24:06 Cavalier
25:25 Iron Casting
24:56 Husbandry
25:15 Stone Mining
33:04 Gold Shaft Mining
33:06 Stone Shaft Mining
32:53 Heavy Plow
34:56 Pikeman
35:37 Squires
39:44 Imperial Age
37:02 Town Watch
37:09 Light Cavalry
39:01 Padded Archer Armor
38:53 Fletching
39:51 Paladin
41:08 Plate Barding Armor
41:34 Blast Furnace
40:53 Burgundian Vineyards
41:07 Bodkin Arrow
41:27 Leather Archer Armor
41:35 Ballistics
42:16 Crop Rotation
41:10 Hussar
43:21 Chemistry
44:05 Conscription
44:41 Caravan
44:42 Treadmill Crane
45:08 Bracer
45:08 Scale Mail Armor
47:49 Chain Mail Armor
48:36 Masonry
51:52 Plate Mail Armor
50:45 Halberdier
53:41 Elite Skirmisher
55:36 Arson
58:47 Architecture
MLP_sprockel
7:21 Loom
9:29 Feudal Age
10:11 Double-Bit Axe
21:39 Castle Age
19:26 Town Watch
20:02 Horse Collar
22:38 Bloodlines
24:11 Husbandry
24:37 Bow Saw
24:56 Gold Mining
32:59 Scale Barding Armor
42:13 Imperial Age
40:18 Heavy Plow
40:56 Gold Shaft Mining
42:03 Chain Barding Armor
42:15 Cavalier
43:37 Plate Barding Armor
45:00 Paladin
48:02 Light Cavalry
50:44 Corvinian Army
59:47 Wheelbarrow
58:49 Elite Magyar Huszar
61:00 Fletching
62:18 Chemistry
63:26 Hussar
MLP kmo
7:25 Loom
9:57 Feudal Age
10:49 Double-Bit Axe
20:09 Horse Collar
24:31 Castle Age
23:01 Fletching
23:32 Gold Mining
25:41 Bloodlines
26:18 Gold Shaft Mining
25:56 Bow Saw
26:50 Bodkin Arrow
27:24 Padded Archer Armor
28:48 Husbandry
32:34 Leather Archer Armor
33:09 Ballistics
36:07 Silk Armor
40:50 Imperial Age
42:02 Heavy Cavalry Archer
42:49 Bracer
43:20 Ring Archer Armor
46:40 Chemistry
57:00 Caravan
59:11 Town Watch
59:57 Light Cavalry
61:07 Scale Barding Armor
61:13 Forging
62:12 Hussar
63:15 Chain Barding Armor
63:31 Iron Casting
MLP SEBAS2994
7:06 Loom
9:20 Feudal Age
10:59 Double-Bit Axe
16:04 Castle Age
15:25 Fletching
21:40 Bow Saw
22:09 Horse Collar
24:26 Wheelbarrow
25:04 Padded Archer Armor
25:02 Bodkin Arrow
27:58 Padded Archer Armor
29:00 Leather Archer Armor
35:38 Imperial Age
33:40 Malon
35:42 Elite Bolas Rider
38:02 Ring Archer Armor
38:11 Conscription
40:41 Chemistry
40:01 Ballistics
40:42 Butalmapu
41:50 Coinage
52:43 Heavy Plow
54:34 Hand Cart
56:33 Pikeman
60:08 Elite Skirmisher
64:38 Scale Mail Armor
64:14 Halberdier
65:12 Forging
64:31 Capped Ram
Connection lost

Rejoining the realm…

Still unreachable

The connection could not be restored.

Session expired

The server has moved on; the page needs a fresh start.